 Dungeon Crawl Stone Soup version 0.30.1-11-g7821555f0a (webtiles) character file.

Game seed: 3137431628828448150

707 andronian the Spear-Bearer (level 7, 0/56 HPs)
             Began as a Merfolk Fighter on Nov 29, 2023.
             Slain by an ogre
             ... wielding a +0 giant club
              (24 damage)
             ... on level 5 of the Dungeon.
             The game lasted 00:07:31 (4272 turns).

andronian the Spear-Bearer (Merfolk Fighter)        Turns: 4272, Time: 00:07:32

Health: 0/56       AC: 15    Str: 16    XL:     7   Next: 67%
Magic:  7/7        EV:  4    Int:  7    God:
Gold:   218        SH:  5    Dex: 16    Spells: 6/6 levels left

rFire   . . .        a - +0 trident
rCold   . . .        c - +0 buckler
rNeg    . . .        g - +1 plate armour
rPois   .            (no helmet)
rElec   .            (no cloak)
rCorr   .            p - +2 pair of gloves
SInv    .            (no boots)
Will    .....        (no amulet) Stlth
                     (no ring)
HPRegen 0.29/turn    (no ring)
MPRegen 0.10/turn

%: no passive effects
@: no status effects
A: (nimble swimmer 2), mertail
a: no special abilities


You were on level 5 of the Dungeon.
You visited 1 branch of the dungeon, and saw 5 of its levels.

You collected 218 gold pieces.

Inventory:

Hand Weapons
 a - a +0 trident (weapon)
Armour
 c - a +0 buckler (worn)
 g - a +1 plate armour (worn)
 p - a +2 pair of gloves (worn)
Wands
 k - a wand of mindburst (13)
 o - a wand of digging (7)
Scrolls
 j - a scroll of teleportation {unknown}
 m - a scroll of identify {unknown}
 n - a scroll of enchant armour
 q - a scroll of torment {unknown}
Potions
 b - a potion of magic {unknown}
 d - a potion of might
 e - 6 potions of curing {unknown}
 f - a potion of flight {unknown}
 h - a potion of berserk rage {unknown}
 i - 2 potions of heal wounds {unknown}
 l - 3 potions of degeneration {unknown}


   Skills:
 + Level 5.5 Fighting
 * Level 8.0 Polearms
 + Level 3.7 Armour
 - Level 3.0 Shields


You had 6 spell levels left.
You didn't know any spells.
Your spell library was empty.

Dungeon Overview and Level Annotations

Branches:
Dungeon (5/15)
 Temple: D:4-7

Altars:
Cheibriados
Elyvilon
Fedhas
Kikubaaqudgha
Qazlal
Uskayaw
Vehumet
Wu Jian
Xom
Yredelemnul


Innate Abilities, Weirdness & Mutations

((You are very nimble when in or above water. (Stealth+, EV+, Speed+++)))
Your lower body shifts to a powerful aquatic tail in water.


Message History

You open the door.
Found an ornate altar of the Wu Jian Council.
There is an open door here.
You open the door.
There is an open door here.
You open the door.
There is an open door here.
You open the door.
There is an open door here.
You open the door.
There is an open door here.
You open the door.
There is an open door here.
e - 6 fizzy sapphire potions (gained 1)
You open the door.
There is an open door here.
You open the door.
There is an open door here.
An ogre comes into view. It is wielding a +0 giant club.
Found a blossoming altar of Fedhas.
The ogre shouts!
The ogre moves out of view.
An ogre is nearby!
You reach to attack!
You puncture the ogre!
The ogre is moderately wounded.
You hit the ogre.
The ogre is moderately wounded.
The ogre hits you with a +0 giant club!
You are too injured to fight recklessly!
You hit the ogre but do no damage.
The ogre is moderately wounded.
You hit the ogre.
The ogre is heavily wounded.
The ogre hits you with a +0 giant club!!
You puncture the ogre!
The ogre is severely wounded.
You hit the ogre.
The ogre is severely wounded.
The ogre hits you with a +0 giant club!!
You die...

##...#.#..#'###+#..#..#
#.._...#..#.....#..#.##
#.#.#..+..+.._..+..'.#
#......#..#.....#..#.#
#....#..#+###+#..#.#
#.#..#.....#..#.#
#.+##'##+##'##'.#
#O#.....#.....###
#@#.....#.....#
#.###'##+##+###
#...........#
#############


You could see an ogre.

Vanquished Creatures
  A black bear (D:4)
  A scorpion (D:5)
  A water moccasin zombie (D:5)
  A hound (D:5)
  3 bullfrog zombies (D:5)
  Jessica (D:1)
  4 iguanas
  Ijyb (D:5)
  A scorpion zombie (D:5)
  Robin (D:2)
  5 adders
  5 worms
  4 dart slugs
  12 orcs
  5 endoplasms
  9 giant cockroaches
  10 hobgoblins
  14 jackals
  5 kobolds
  4 quokkas
  6 ball pythons
  6 bats
  A frilled lizard (D:3)
  14 goblins
  5 rats
120 creatures vanquished.

Notes
Turn   | Place    | Note
-------+----------+-------------------------------------------
     0 | D:1      | andronian the Merfolk Fighter began the quest for the Orb.
     0 | D:1      | Reached XP level 1. HP: 18/18 MP: 1/1
   120 | D:1      | Reached skill level 3 in Polearms
   125 | D:1      | Reached XP level 2. HP: 23/24 MP: 2/2
   446 | D:1      | Reached XP level 3. HP: 29/29 MP: 3/3
   790 | D:2      | Reached skill level 4 in Polearms
   869 | D:2      | Noticed Robin
  1000 | D:2      | Killed Robin
  1001 | D:2      | Reached XP level 4. HP: 16/37 MP: 4/4
  1196 | D:2      | Noticed a great orb of eyes
  1199 | D:2      | Found a faded altar of an unknown god.
  1201 | D:2      | Noticed a great orb of eyes
  1201 | D:2      | Noticed a great orb of eyes
  1201 | D:2      | Noticed an eye of devastation
  1314 | D:2      | Found an ancient bone altar of Kikubaaqudgha.
  1358 | D:2      | Noticed Jessica
  1370 | D:1      | Killed Jessica
  1371 | D:1      | Reached skill level 5 in Polearms
  1371 | D:1      | Reached XP level 5. HP: 33/42 MP: 5/5
  1999 | D:3      | Found a snail-covered altar of Cheibriados.
  2040 | D:3      | Found a radiant altar of Vehumet.
  2714 | D:4      | Noticed a black bear
  3363 | D:4      | Found a shimmering altar of Xom.
  3364 | D:4      | Found a hide-covered altar of Uskayaw.
  3365 | D:4      | Found a stormy altar of Qazlal.
  3412 | D:4      | Reached skill level 6 in Polearms
  3412 | D:4      | Reached XP level 6. HP: 30/49 MP: 6/6
  3579 | D:5      | Entered Level 5 of the Dungeon
  3583 | D:5      | Noticed Ijyb
  3605 | D:5      | Killed Ijyb
  3813 | D:5      | Found a white marble altar of Elyvilon.
  3814 | D:5      | Noticed a black bear
  3960 | D:4      | Killed a black bear
  3961 | D:4      | Reached skill level 5 in Fighting
  3961 | D:4      | Reached skill level 7 in Polearms
  3961 | D:4      | Reached XP level 7. HP: 56/56 MP: 7/7
  4093 | D:5      | Found a basalt altar of Yredelemnul.
  4148 | D:5      | Reached skill level 8 in Polearms
  4216 | D:5      | Found an ornate altar of the Wu Jian Council.
  4262 | D:5      | Found a blossoming altar of Fedhas.
  4272 | D:5      | Slain by an ogre

Illustrated notes

Levels and vault maps discovered:
D:1:      dpeg_arrival_prison, layout_loops_ring, serial_glass, glass_columns_a,
          glass_columns_c
D:2:      layout_basic, basic_altar, hellmonk_ecumenical_altar_watching_god,
          minmay_misc_feat_encased, minmay_worlds_worst_comb, uniq_jessica,
          uniq_robin
D:3:      layout_loops_corners, nicolae_vehumet_altar_sigil, slow_altar_1
D:4:      layout_basic, minitemple, zin_scriptorium
D:5:      layout_basic, nicolae_yredelemnul_corpse_copse,
          mainiacjoe_overflow_24_doors, minivault_1, hangedman_feature_mirror,
          uniq_ijyb

Skill      XL: |  1  2  3  4  5  6  7 |
---------------+----------------------+-----
Polearms       | 3 4 5 6 7 8 |  8.0
Fighting       | 4 5 |  5.5
Armour         | 3 |  3.7
Shields        | |  3.0

Action                     |  1- 3 |  4- 6 |  7- 9 || total
---------------------------+-------+-------+-------++-------
  Melee: Trident           |   114 |   268 |    55 ||   437
    Use: Scroll            |     5 |     1 |       ||     6
         Potion            |     1 |     1 |       ||     2
 Armour: Scale mail        |     3 |       |       ||     3
         Plate armour      |    80 |   120 |    19 ||   219
  Dodge: Dodged            |    27 |    30 |     5 ||    62
  Block: Buckler           |    28 |    47 |    10 ||    85
